 Dungeon Crawl Stone Soup version 0.28.0-53-g5a82cb258f (webtiles) character file.

Game seed: 13418045904444131409

114 SanguineChosen the Slasher (level 4, -4/39 HPs)
             Began as a Palentonga Berserker on June 18, 2022.
             Was a Believer of Trog.
             Slain by a gnoll
             ... wielding a +0 halberd
              (12 damage)
             ... on level 3 of the Dungeon.
             The game lasted 00:12:02 (2571 turns).

SanguineChosen the Slasher (Palentonga Berserker)   Turns: 2571, Time: 00:12:03

Health: -4/39      AC:  4    Str: 22    XL:     4   Next: 66%
Magic:  3/3        EV: 10    Int: 12    God:    Trog [**....]
Gold:   72         SH:  0    Dex:  9    Spells: 3/3 levels left

rFire   . . .      SeeInvis +   a - +0 falchion
rCold   . . .      Faith    .   (no shield)
rNeg    . . .      Spirit   .   b - +0 animal skin
rPois   .          Reflect  .   (no helmet)
rElec   .          Harm     .   (no cloak)
rCorr   .          Rampage  .   (no gloves)
Will    +....                   (no barding)
Stlth   +.........              (no amulet)
HPRegen 0.13/turn               e - +6 ring of intelligence
MPRegen 0.08/turn               g - ring of willpower

@: brilliant
A: large, rugged brown scales 3, see invisible, deformed body, roll 1, armoured
tail, dopey 1, low MP 1
a: Rolling Charge, Renounce Religion, Berserk, Trog's Hand


You were on level 3 of the Dungeon.
You worshipped Trog.
Trog was pleased with you.
You visited 1 branch of the dungeon, and saw 3 of its levels.

You collected 72 gold pieces.

Inventory:

Hand Weapons
 a - a +0 falchion (weapon)
Armour
 b - a +0 animal skin (worn)
Jewellery
 e - a +6 ring of intelligence (left hand)
 g - a ring of willpower (right hand)
 k - a ring of fire
 n - a +6 ring of dexterity
Scrolls
 d - 2 scrolls of noise {unknown}
 h - 3 scrolls of identify {unknown}
 i - a scroll of fog {unknown}
 j - a scroll of teleportation {unknown}
 m - a scroll of enchant weapon {unknown}
Potions
 c - a potion of curing
 f - a potion of mutation
 l - 2 potions of berserk rage {unknown}


   Skills:
 + Level 4.0 Fighting
 + Level 4.2 Long Blades
 + Level 1.7 Armour
 + Level 2.0 Dodging
 + Level 0.5 Stealth


You had 3 spell levels left.
You didn't know any spells.
Your spell library was empty.

Dungeon Overview and Level Annotations

Branches:
Dungeon (3/15)

Altars:


Innate Abilities, Weirdness & Mutations

You are completely covered in rugged brown scales. (AC +3, +7% HP)
You have supernaturally acute eyesight. (SInv)
Armour fits poorly on your strangely shaped body.
You can roll at nearby foes to attack.
You have a long armoured tail.
You are dopey. (Int -2)
Your magical capacity is low. (-10% MP)


Message History

The gnoll is heavily wounded.
A kobold opens the door.
The gnoll hits you with a +0 club. The gnoll misses you.
Roll where?
Press: ? - help, Q - select action, (/) - cycle Dir - move target, f - gnoll
Aim: a gnoll, wielding a +0 halberd You roll forward with a clatter of scales!
Found a glowing hunting sling.
You barely miss the gnoll. The gnoll hits you with a +0 club.
The gnoll closely misses you.
You completely miss the gnoll.
The gnoll is heavily wounded.
The gnoll closely misses you. The gnoll hits you with a +0 halberd!
You slash the gnoll!
You kill the gnoll!
Trog accepts your kill. The gnoll barely misses you.
The gnoll hits you with a +0 whip.
* * * LOW HITPOINT WARNING * * *
It was a potion of brilliance.
You feel clever all of a sudden. The gnoll barely misses you.
The gnoll hits you with a +0 whip.
* * * LOW HITPOINT WARNING * * *
It was a potion of mutation.
You feel extremely strange.
You feel less energetic.
You feel stupid. The gnoll closely misses you. The gnoll barely misses you.
It was a potion of curing.
You feel better. The gnoll barely misses you. The gnoll closely misses you.
The gnoll barely misses you. The kobold hits you but does no damage.
There's nothing you can charge at!
You closely miss the kobold. The kobold closely misses you.
The gnoll hits you with a +0 whip.
You closely miss the kobold. Your punch misses the kobold.
The gnoll closely misses you. The kobold closely misses you.
The gnoll hits you with a +0 whip. The gnoll closely misses you.
You hit the kobold.
The kobold is moderately wounded.
The kobold hits you but does no damage. The gnoll hits you with a +0 whip.
* * * LOW HITPOINT WARNING * * *
The gnoll hits you from afar with a +0 halberd!
You die...

#..####.# #.#
#). #.# #.#
.. #.# #.#
### ###.. #.#
#.# ..# ....
#.# #.# #.#
#..# #.# #.#
#.#
#...##'###
#.# #.#
####...#.g..#
#.# #.#
.......)gK@.#
#.# #.#
#######)....#
#.# ..#
#.....# #.#
### ##....#
#.# #..?.#
#.# #....#
#.# ##...#
#.#### #'###
#....# .#
####.#


You could see 2 gnolls and a kobold.

Vanquished Creatures
  Jessica (D:2)
  3 adders
  2 gnolls (D:3)
  A worm (D:2)
  An orc (D:3)
  4 endoplasms
  A giant cockroach (D:1)
  5 goblins
  6 hobgoblins
  2 jackals (D:1)
  2 kobolds
  A quokka (D:2)
  2 ball pythons (D:1)
  A bat (D:2)
  3 frilled lizards
  2 rats (D:1)
37 creatures vanquished.

Notes
Turn   | Place    | Note
-------+----------+-------------------------------------------
     0 | D:1      | SanguineChosen the Palentonga Berserker began the quest for
                  | the Orb.
     0 | D:1      | Reached XP level 1. HP: 19/19 MP: 1/1
   274 | D:1      | Reached XP level 2. HP: 25/25 MP: 2/2
  1198 | D:2      | Reached XP level 3. HP: 23/31 MP: 3/3
  1805 | D:2      | Noticed Jessica
  1812 | D:2      | Killed Jessica
  1812 | D:2      | Reached ** piety under Trog
  1813 | D:2      | Reached XP level 4. HP: 34/39 MP: 4/4
  2206 | D:3      | Noticed a water moccasin
  2564 | D:3      | Gained mutation: Your magical capacity is low. (-10% MP)
                  | [potion of mutation]
  2564 | D:3      | Gained mutation: You are dopey. (Int -2) [potion of
                  | mutation]
  2571 | D:3      | Slain by a gnoll

Illustrated notes

Levels and vault maps discovered:
D:1:      dpeg_arrival_arbitrary_c, layout_loops_corners
D:2:      layout_basic, corner_web_ring, due_unseen_surprise, uniq_jessica
D:3:      layout_basic, shapermc_ecumenical_altar_petra, st_stairs_1

Skill      XL: |  1  2  3  4 |
---------------+-------------+-----
Long Blades    | 4 |  4.2
Fighting       | 4 |  4.0
Dodging        | 2 |  2.0
Armour         | |  1.7
Stealth        | |  0.5

Action                   |  1- 3 |  4- 6 || total
-------------------------+-------+-------++-------
Melee: Falchion          |    77 |    18 ||    95
       Tailslap          |     8 |     2 ||    10
 Abil: Rolling Charge    |    24 |     7 ||    31
  Use: Potion            |       |     3 ||     3
Armor: Animal skin       |    20 |     4 ||    24
Dodge: Dodged            |    32 |    16 ||    48
